 Dungeon Crawl Stone Soup version 0.29.1-1-gd02db6906a (webtiles) character file.

Game seed: 3336572805069110545

60603 Doomgape the Blocker (level 15, -1/128 HPs)
             Began as a Ghoul Fighter on Sept 17, 2022.
             Was an Initiate of Gozag.
             Slain by a troll (10 damage)
             ... on level 12 of the Dungeon.
             The game lasted 02:07:39 (28842 turns).

Doomgape the Blocker (Ghoul Fighter)               Turns: 28842, Time: 02:07:41

Health: -1/128     AC: 28    Str: 26    XL:     15   Next: 0%
Magic:  25/25      EV:  9    Int:  5    God:    Gozag
Gold:   1144       SH:  9    Dex: 13    Spells: 16/29 levels left

rFire   + . .      SeeInvis +   u - +5 hammer "Ygidax" {speed, *Rage rF+ rCorr Dex+5}
rCold   + . .      Faith    .   l - +2 buckler
rNeg    + + +      Spirit   .   I - +0 plate armour
rPois   ∞          Reflect  .   t - +2 helmet
rElec   .          Harm     .   d - +1 cloak {Will+}
rCorr   +          Rampage  .   E - +2 pair of gloves of the Neverending Coins {Will+ Stlth+}
Will    +++..                   (no boots)
Stlth   ..........              M - amulet "Wehirph" {RegenMP Fly rPois rN+ SInv}
HPRegen 0.00/turn               (no ring)
MPRegen 0.59/turn               i - +4 ring of protection

@: flying, inhibited regen, studying Long Blades
A: claws 1, cold resistance 1, negative energy resistance 3, inhibited
regeneration, torment resistance 2, devour on kill
a: Renounce Religion, Potion Petition, Call Merchant, Bribe Branch


You were on level 12 of the Dungeon.
You worshipped Gozag.
Gozag was most pleased with you.
You visited 4 branches of the dungeon, and saw 20 of its levels.
You visited the Abyss 1 time.
You also visited: Sewer and Ossuary.

You collected 6795 gold pieces.
You spent 3249 gold pieces at shops.
You paid 2402 gold pieces to Gozag.

Inventory:

Hand Weapons
 q - a +4 flail of protection
 u - the +5 hammer "Ygidax" (weapon) {speed, *Rage rF+ rCorr Dex+5}
   (You found it on level 3 of the Dungeon)

   Attacks with this weapon are significantly faster.
   Dex:       It affects your dexterity (+5).
   rF:        It protects you from fire.
   *Rage:     It berserks you when you make melee attacks (+20% chance).
   rCorr:     It protects you from acid and corrosion.
 x - a +6 long sword
 D - a +0 morningstar
 Q - a +2 long sword of freezing
Missiles
 r - a silver javelin (quivered)
Armour
 d - a +1 cloak of willpower (worn)
 l - a +2 buckler (worn)
 t - a +2 helmet (worn)
 v - the +2 robe "Gatraj" {Regen+ Int+5}
   (You bought it in a shop on level 2 of the Orcish Mines)

   Int:       It affects your intelligence (+5).
   Regen:     It increases your rate of health regeneration.
 E - the +2 pair of gloves of the Neverending Coins (worn) {Will+ Stlth+}
   (You bought it in a shop on level 2 of the Orcish Mines)

   Will:      It increases your willpower.
   Stlth:     It makes you more stealthy.
 I - a +0 plate armour (worn)
Magical Staves
 g - a staff of poison
 h - a staff of death
Jewellery
 b - a ring of ice
 i - a +4 ring of protection (right hand)
 k - a ring of wizardry
 H - an amulet of regeneration
 M - the amulet "Wehirph" (around neck) {RegenMP Fly rPois rN+ SInv}
   (You bought it in a shop on level 2 of the Lair of Beasts)

   [amulet of magic regeneration]

   It increases your rate of magic regeneration.
   rPois:     It protects you from poison.
   rN:        It protects you from negative energy.
   SInv:      It lets you see invisible.
   Fly:       It grants you flight.
 N - the necklace of Bloodlust {*Rage Will++ Int-3 Slay+6}
   (You found it on level 3 of the Lair of Beasts)

   [amulet of nothing]

   It extends the wearer's berserk rage when killing foes.
   Int:       It affects your intelligence (-3).
   Slay:      It affects your accuracy & damage with ranged weapons and melee
   (+6).
   *Rage:     It berserks you when you make melee attacks (+50% chance).
   Will:      It greatly increases your willpower.
 P - a ring of protection from fire
Wands
 j - a wand of digging (3)
 y - a wand of mindburst (7)
 A - a wand of flame (27)
Scrolls
 e - 8 scrolls of identify
 o - 2 scrolls of butterflies
 p - 7 scrolls of teleportation
 s - 6 scrolls of magic mapping
 J - 2 scrolls of immolation
 R - 2 scrolls of enchant weapon
Potions
 f - a potion of heal wounds
 w - 5 potions of brilliance
 z - a potion of haste
 C - a potion of invisibility
 F - a potion of cancellation
Miscellaneous
 c - a box of beasts (inert)


   Skills:
 - Level 10.8 Fighting
 - Level 10.4 Maces & Flails
 - Level 11.6 Armour
 - Level 5.0 Dodging
 - Level 14.5 Shields
 - Level 7.5 Spellcasting
 - Level 7.4 Necromancy
 + Level 4.0 Poison Magic


You had 16 spell levels left.
You knew the following spells:

 Your Spells              Type           Power      Damage    Failure   Level
a - Haunt                 Necr/Summ      2%         N/A       100%        7
b - Olgreb's Toxic Radia  Pois           5%         N/A       99%         4
c - Poisonous Vapours     Pois/Air       6%         N/A       85%         2

Your spell library contained the following spells:

 Spells                   Type           Power      Damage    Failure   Level
 Sting                    Tmut/Pois      12%        1d3       71%         1
 Magic Dart               Conj           4%         1d3       94%         1
 Shock                    Conj/Air       4%         1d3       94%         1
 Summon Small Mammal      Summ           4%         N/A       94%         1
 Ensorcelled Hibernation  Hex/Ice        2%         N/A       98%         2
 Searing Ray              Conj           2%         2d4       98%         2
 Anguish                  Hex/Necr       2%         N/A       99%         4
 Call Canine Familiar     Summ           1%         N/A       100%        3
 Gell's Gravitas          Tloc           1%         N/A       100%        3
 Lesser Beckoning         Tloc           1%         N/A       100%        3
 Ozocubu's Armour         Ice            1%         N/A       100%        3
 Summon Guardian Golem    Hex/Summ       1%         N/A       100%        3
 Swiftness                Air            1%         N/A       100%        3
 Teleport Other           Tloc           1%         N/A       100%        3
 Airstrike                Air            0%         2d(1-17)  100%        4
 Fulminant Prism          Conj/Hex       0%         3d6       100%        4
 Summon Ice Beast         Ice/Summ       1%         N/A       100%        4
 Metabolic Englaciation   Hex/Ice        0%         N/A       100%        5
 Summon Mana Viper        Hex/Summ       1%         N/A       100%        5
 Dispersal                Tloc           0%         N/A       100%        6
 Monstrous Menagerie      Summ           0%         N/A       100%        7
 Spider Form              Tmut/Pois      Unusable   N/A       N/A         3
 Simulacrum               Ice/Necr       Unusable   N/A       N/A         6

Dungeon Overview and Level Annotations

Branches:
Dungeon (12/15)            Temple (1/1) D:5            Lair (5/5) D:9
  Swamp (0/4) Lair:3       Spider (0/4) Lair:3        Slime (0/5) Lair:4
    Orc (2/2) D:11            Elf (0/3) Orc:2         Sewer (visited)
Ossuary (visited)

Altars:
Ashenzari
Cheibriados
Dithmenos
Fedhas
Gozag
Hepliaklqana
Kikubaaqudgha
Makhleb
Nemelex Xobeh
Okawaru
Qazlal
Ru
Sif Muna
Trog
Uskayaw
Vehumet
Wu Jian
Xom
Yredelemnul
Jiyva
Lugonu

Shops:
D:4 *   D:8 (   D:10 [(*   D:11 :(   Orc:2 [*![?(=[   Lair:2 =

Portals:
Abyss: Lair:5

Annotations:
D:12 Rupert
Lair:4 2 transporters, HunfridMar's ghost, journeyman DECj


Innate Abilities, Weirdness & Mutations

You are immune to poison.
You have sharp fingernails.
Your flesh is cold resistant. (rC+)
You are immune to negative energy. (rN+++)
You do not regenerate when monsters are visible.
You are immune to unholy pain and torment.
You thrive by killing the living.


Message History

You block the troll's attack. The troll barely misses you.
You hear a shout! x2
The troll attacks as you move away! The troll bites you but does no damage.
The troll barely misses you. The troll claws you.
* * * LOW HITPOINT WARNING * * *
As you read the scroll of teleportation, it crumbles to dust.
You feel strangely unstable. The troll barely misses you.
You block the troll's attack. The troll barely misses you.
Unknown command.
The troll attacks as you move away! You block the troll's attack.
The troll closely misses you. x2
Your surroundings suddenly seem different.
You start resting.
A troll is nearby!
The troll shouts!
There is a stone staircase leading up here.
You hit the troll.
The troll is lightly wounded.
The troll bites you but does no damage. The troll claws you but does no damage.
You block the troll's attack.
You closely miss the troll.
The troll is lightly wounded.
You hit the troll.
The troll is lightly wounded.
The troll bites you!
* * * LOW HITPOINT WARNING * * *
The troll closely misses you. You block the troll's attack.
You thump the troll!
The troll is heavily wounded.
You hit the troll.
The troll is heavily wounded.
You block the troll's attack. The troll barely misses you.
The troll claws you but does no damage.
You sock the troll!
The troll is almost dead.
The troll bites you!
* * * LOW HITPOINT WARNING * * *
The troll claws you!
You die...
Your body crumbles into a pile of gold.

####### #@....#
#T....# #..[..#
#.....# #######
#.....# #.....#
#.....# #..../#
#.....# #.....#
######.....#
#.....###..........#


You could see a troll.

Vanquished Creatures
  Fannar (D:12)
  5 hydras
  2 boulder beetles
  The ghost of Doomgape the Grappler, a novice TrTm of Gozag (D:10)
  6 two-headed ogres
  3 thrashing horrors (Lair:5)
  A lindwurm (Lair:4)
  8 orc knights
  3 ugly things
  A manticore (D:12)
  2 cyclopes
  Maurice (D:12)
  7 black mambas
  10 elephants
  2 smoke demons (Lair:5)
  A cane toad (Lair:5)
  2 rime drakes (Lair:3)
  9 komodo dragons
  An ancient zyme (Lair:5)
  3 trolls
  A wind drake (shapeshifter) (Lair:5)
  37 blink frogs
  4 dream sheep (Lair:5)
  10 small abominations (Lair:5)
  A culicivora (Lair:3)
  3 large abominations (Lair:5)
  3 jumping spiders (Lair:3)
  2 spriggans (Lair:5)
  A wraith (D:12)
  A vampire (D:12)
  32 yaks
  2 ynoxinuls (Lair:5)
  9 wyverns
  9 basilisks
  Grum (D:8)
  A chaos spawn (Lair:5)
  A steam dragon (shapeshifter) (Lair:5)
  2 golden eyes (Abyss:2)
  A steam dragon (Lair:3)
  2 redbacks (Lair:3)
  4 vampire mosquitoes (Lair:3)
  9 wargs (Orc:2)
  An acid dragon (D:10)
  11 water moccasins
  37 orc warriors
  Pargi (Sewer)
  An ice beast (D:3)
  2 black bears
  5 ogres
  35 wolves
  A phantom (D:4)
  A centaur (D:9)
  A kobold brigand (D:5)
  12 bullfrogs
  4 gnoll sergeants
  A necrophage (D:5)
  5 scorpions
  3 wights (D:9)
  8 killer bees
  3 howler monkeys (D:10)
  2 jellies
  Crazy Yiuf (D:3)
  19 orc priests
  7 hounds
  5 iguanas
  20 orc wizards
  9 mummies
  Robin (D:3)
  13 gnolls
  8 adders
  3 shadow imps
  4 white imps
  3 worms
  A dart slug (D:1)
  110 orcs
  6 bats
  8 endoplasms
  13 giant cockroaches
  12 goblins
  12 hobgoblins
  6 jackals (D:2)
  3 quokkas
  3 training dummies (D:8)
  9 ball pythons
  6 frilled lizards
  A goblin zombie (D:4)
  10 kobolds
  5 kobold zombies
  4 orc zombies (Ossuary)
  3 rats (D:1)
644 creatures vanquished.

Vanquished Creatures (others)
  A bush (Lair:3)
  33 fungi
  58 plants
92 creatures vanquished.

Grand Total: 736 creatures vanquished

Notes
Turn   | Place    | Note
-------+----------+-------------------------------------------
     0 | D:1      | Doomgape the Ghoul Fighter began the quest for the Orb.
     0 | D:1      | Reached XP level 1. HP: 19/19 MP: 0/0
   195 | D:1      | Reached XP level 2. HP: 26/26 MP: 1/1
   855 | D:1      | Reached XP level 3. HP: 26/31 MP: 2/2
  1371 | D:2      | Reached XP level 4. HP: 38/38 MP: 3/3
  2250 | D:3      | Noticed an ice beast
  2397 | D:3      | Noticed Robin
  2469 | D:3      | Killed Robin
  2470 | D:3      | Reached XP level 5. HP: 45/45 MP: 4/4
  2684 | D:3      | Killed an ice beast
  2685 | D:3      | Reached skill level 5 in Maces & Flails
  2908 | D:3      | Found a runed translucent door.
  2909 | D:3      | Noticed Crazy Yiuf
  3070 | D:3      | Killed Crazy Yiuf
  3071 | D:3      | Reached XP level 6. HP: 28/51 MP: 5/5
  3074 | D:3      | Identified the +5 hammer "Ygidax" {speed, *Rage rF+ rCorr
                  | Dex+5}
  3416 | D:4      | Found Yqerolunt's Assorted Antiques.
  3444 | D:4      | Found a sand-covered staircase.
  3453 | Ossuary  | Entered an ossuary
  3804 | Ossuary  | Identified a scroll of acquirement
  3804 | Ossuary  | Acquired a manual of Shields
  3936 | D:4      | Reached skill level 3 in Shields
  3936 | D:4      | Reached XP level 7. HP: 50/57 MP: 6/6
  3944 | D:4      | Identified the +1 robe of Sloth {Harm Regen+ Int-3}
  4242 | D:4      | Reached skill level 4 in Shields
  4478 | D:5      | Entered Level 5 of the Dungeon
  4675 | D:5      | Found a glowing drain.
  4692 | Sewer    | Entered a sewer
  4768 | Sewer    | Noticed Pargi
  4779 | Sewer    | Killed Pargi
  4780 | Sewer    | Reached skill level 5 in Shields
  4780 | Sewer    | Reached XP level 8. HP: 45/63 MP: 7/7
  5278 | D:5      | Reached skill level 6 in Shields
  5335 | D:5      | Found a staircase to the Ecumenical Temple.
  5348 | Temple   | Entered the Ecumenical Temple
  5356 | Temple   | Became a worshipper of Gozag Ym Sagoz the Greedy
  5758 | D:5      | Reached skill level 5 in Armour
  5777 | Abyss:1  | Cast into level 1 of the Abyss (orc wizard)
  5798 | Abyss:1  | Noticed a raiju
  5800 | Abyss:1  | Noticed a raiju
  5802 | Abyss:1  | Noticed a raiju
  5810 | Abyss:2  | Found a shimmering altar of Xom.
  5837 | Abyss:2  | Reached skill level 7 in Shields
  5852 | Abyss:2  | Reached XP level 9. HP: 70/70 MP: 8/8
  5860 | D:6      | Escaped the Abyss
  6167 | D:6      | Reached skill level 8 in Shields
  6207 | D:6      | Noticed a two-headed ogre
  6210 | D:6      | Found a hazy altar of Hepliaklqana.
  6224 | D:6      | Killed a two-headed ogre
  6413 | D:6      | Reached skill level 9 in Shields
  6632 | D:6      | Got Sif Muna's Codex of Transposition and Malignant Magic
  6700 | D:6      | Reached XP level 10. HP: 46/77 MP: 9/9
  7487 | D:7      | Reached skill level 10 in Shields
  7673 | D:7      | Found a burning altar of Makhleb.
  7673 | D:7      | Noticed an Executioner
  8042 | D:8      | Noticed Grum
  8357 | D:8      | Found Relufuc's Firing Range.
  8365 | D:8      | Bought 2 throwing nets for 90 gold pieces
  8365 | D:8      | Bought a throwing net for 45 gold pieces
  8405 | D:8      | Found a sparkling altar of Nemelex Xobeh.
  8484 | D:8      | Killed Grum
  8902 | D:9      | Reached skill level 11 in Shields
  9069 | D:9      | Found a staircase to the Lair.
  9099 | D:9      | Reached skill level 10 in Maces & Flails
  9710 | D:9      | Noticed a two-headed ogre
  9720 | D:9      | Killed a two-headed ogre
  9721 | D:9      | Reached XP level 11. HP: 77/82 MP: 10/10
 10342 | D:10     | Entered Level 10 of the Dungeon
 10382 | D:10     | Found a runed translucent gate.
 10382 | D:10     | Found a runed translucent gate.
 10382 | D:10     | Found a runed translucent gate.
 10383 | D:10     | Noticed an 11-headed hydra
 10383 | D:10     | Noticed Doomgape's ghost (novice TrTm)
 10494 | D:10     | Found a basalt altar of Yredelemnul.
 10644 | D:10     | Found Ganniyb's Assorted Antiques.
 10774 | D:10     | Reached skill level 12 in Shields
 10899 | D:10     | Noticed a two-headed ogre
 10901 | D:10     | Noticed a two-headed ogre
 10953 | D:10     | Killed a two-headed ogre
 10954 | D:10     | Reached skill level 1 in Spellcasting
 10959 | D:10     | HP: 4/82 [two-headed ogre/+0 giant spiked club (19)]
 10960 | D:10     | Killed a two-headed ogre
 11366 | D:10     | Found Yhirau's Antique Weapon Boutique.
 11420 | D:10     | Found Pucisk's Antique Armour Boutique.
 11588 | Lair:1   | Entered Level 1 of the Lair of Beasts
 11795 | Lair:1   | Noticed a boulder beetle
 11897 | Lair:1   | HP: 3/82 [boulder beetle (19)]
 11899 | Lair:1   | Killed a boulder beetle
 11903 | Lair:1   | Reached skill level 13 in Shields
 12480 | Lair:1   | Reached XP level 12. HP: 83/89 MP: 16/16
 12561 | Lair:1   | Reached skill level 10 in Armour
 13012 | Lair:2   | Bought the amulet "Wehirph" {RegenMP Fly rPois rN+ SInv}
                  | for 878 gold pieces
 13033 | Lair:2   | Noticed a four-headed hydra
 13061 | Lair:2   | Killed a four-headed hydra
 13307 | Lair:2   | Reached skill level 5 in Spellcasting
 13450 | Lair:2   | Noticed a boulder beetle
 14228 | Lair:2   | Identified the +1 scale mail of Perfidy {+Inv rElec Int-4
                  | SInv}
 14825 | Lair:3   | Reached skill level 14 in Shields
 15393 | Lair:3   | Noticed a six-headed hydra
 15410 | Lair:3   | Killed a six-headed hydra
 15677 | Lair:3   | Found a staircase to the Swamp.
 15769 | Lair:3   | Found the necklace of Bloodlust {*Rage Will++ Int-3 Slay+6}
 16097 | Lair:3   | Reached XP level 13. HP: 94/94 MP: 21/21
 16374 | Lair:3   | Found a hole to the Spider Nest.
 17270 | Lair:4   | Found a bloodstained altar of Trog.
 17270 | Lair:4   | Noticed HunfridMar's ghost (journeyman DECj)
 17277 | Lair:4   | Found a transporter.
 17294 | Lair:4   | Found a transporter.
 18536 | Lair:4   | Found a viscous altar of Jiyva.
 18536 | Lair:4   | Found a staircase to the Slime Pits.
 18629 | Lair:4   | Reached skill level 5 in Fighting
 19042 | Lair:5   | Entered Level 5 of the Lair of Beasts
 19180 | Lair:5   | HP: 1/101 [six-headed hydra (6)]
 19187 | Lair:5   | Found a basalt altar of Yredelemnul.
 20645 | Lair:5   | Reached skill level 10 in Fighting
 20924 | Lair:5   | Reached XP level 14. HP: 102/122 MP: 23/23
 21081 | Lair:5   | Reached skill level 1 in Dodging
 21420 | Lair:5   | Identified the +3 leather armour of Syic {rC+ MP-9 Str+9
                  | Int-2}
 21689 | Lair:5   | Reached skill level 5 in Dodging
 22010 | Lair:5   | Found a corrupted altar of Lugonu.
 22012 | Lair:5   | Found a one-way gate to the infinite horrors of the Abyss.
 23069 | D:11     | Learned a level 7 spell: Haunt
 23321 | D:11     | Reached skill level 1 in Necromancy
 23335 | D:11     | Found a staircase to the Orcish Mines.
 24182 | D:11     | Bought a +4 flail of protection for 366 gold pieces
 24182 | D:11     | Bought 3 silver javelins for 100 gold pieces
 24188 | D:11     | Bought a Young Poisoner's Handbook for 380 gold pieces
 24193 | D:11     | Learned a level 4 spell: Olgreb's Toxic Radiance
 24196 | D:11     | Learned a level 2 spell: Poisonous Vapours
 24255 | D:10     | Bought a faintly glowing robe for 131 gold pieces
 24255 | D:10     | Identified the +0 robe "Omiaxaim" {*Corrode +Inv Will++
                  | SInv} (You bought it in a shop on level 10 of the Dungeon)
 24304 | D:10     | Killed Doomgape's ghost
 24620 | D:10     | Bought a glowing robe for 85 gold pieces
 24680 | Orc:1    | Entered Level 1 of the Orcish Mines
 24805 | Orc:2    | Entered Level 2 of the Orcish Mines
 24805 | Orc:2    | Found a staircase to the Elven Halls.
 25185 | Orc:1    | Reached skill level 5 in Necromancy
 25657 | Orc:2    | Found Ruhy's Magic Scroll Shoppe.
 25676 | Orc:2    | Found Xaxu's Armour Emporium.
 25678 | Orc:2    | Bought a scroll of enchant weapon for 97 gold pieces
 25678 | Orc:2    | Bought a scroll of blinking for 97 gold pieces
 25678 | Orc:2    | Bought a scroll of blinking for 97 gold pieces
 25684 | Orc:2    | Found Vistras's Antique Armour Boutique.
 25702 | Orc:2    | Bought a pair of embroidered boots for 217 gold pieces
 25721 | Orc:2    | Bought the +2 pair of gloves of the Neverending Coins
                  | {Will+ Stlth+} for 358 gold pieces
 26182 | Orc:2    | Found Guiret's Distillery.
 26182 | Orc:2    | Found Zuseowy's General Store.
 26188 | Orc:2    | Bought a scroll of poison for 60 gold pieces
 26306 | Orc:2    | Bought a potion of heal wounds for 55 gold pieces
 26765 | Orc:2    | Found Alil's Weapon Emporium.
 26880 | Orc:2    | Found Horhu's Antique Armour Shoppe.
 26880 | Orc:2    | Found Juebikh's Jewellery Shop.
 26910 | Orc:2    | Bought a slimy robe for 193 gold pieces
 26910 | Orc:2    | Identified the +2 robe "Gatraj" {Regen+ Int+5} (You bought
                  | it in a shop on level 2 of the Orcish Mines)
 27242 | Orc:2    | Reached skill level 1 in Poison Magic
 27824 | D:12     | Noticed Rupert
 28202 | D:12     | Noticed Fannar
 28226 | D:12     | Killed Fannar
 28697 | D:12     | Noticed Maurice
 28713 | D:12     | Killed Maurice
 28714 | D:12     | Reached XP level 15. HP: 126/128 MP: 25/25
 28765 | D:12     | Found a corrupted altar of Lugonu.
 28842 | D:12     | Slain by a troll

Illustrated notes

Levels and vault maps discovered:
D:1:      dpeg_arrival_three_same_balls, layout_basic, nrook_campfire,
          roderic_lattice_a, hex_intersection, grunt_decor_resistance
D:2:      layout_basic
D:3:      cheibrodos_old_hovel, layout_basic, uniq_robin,
          uniq_crazy_yiuf_cottage
D:4:      layout_basic, serial_shops, nicolae_shop_overgrown_old_shop,
          nicolae_ossuary_entry_giza
D:5:      layout_basic, minmay_temple_entry_poolview, gup_sewer_entry_pipe
D:6:      minmay_octagon_keep, layout_rooms, mainiacjoe_overflow_cross_hatched
D:7:      layout_basic, makhleb_altar_promises_db,
          chequers_serial_rivers_small_b, kennysheep_generic_room_3
D:8:      layout_gridville, nemelex_diamond_rough_becter,
          nicolae_shop_firing_range, uniq_grum
D:9:      layout_basic, david_lair_shrubbed, minivault_25, billiards_dpeg
D:10:     layout_gridville, mainiacjoe_overflow_small_starburst, serial_shops,
          nicolae_stop_n_shop_2, nicolae_take_the_stairs, shop,
          gammafunk_ghost_hydra_chop
D:11:     layout_long_grid, david_orc_5
D:12:     layout_rooms, tgw_lugonu_bribe, uniq_rupert, uniq_fannar, uniq_maurice
Temple:   nicolae_temple_no_exploring_needed
Lair:1:   layout_gridlike, lemuel_fruit_tree
Lair:2:   layout_misc_corridors, basic_altar, pond
Lair:3:   layout_layer_cave, minmay_swamp_entry_swarm,
          nicolae_spider_entry_tight_spaces
Lair:4:   layout_loops_ring, dpeg_slime_entry_enclosed,
          nicolae_volcano_entry_vermiform, gammafunk_ghost_wrathful_warriors,
          nicolae_quartered_pool_super, chequers_serial_rivers_small_3
Lair:5:   hellmonk_lair_end_abyssal_woods, layout_cellular_growth, basic_altar,
          infiniplex_staircase_pool_2, grunt_megastairs_4
Orc:1:    layout_diamond_mine
Orc:2:    st_orc_town, layout_caves, serial_shops, shop_coins,
          nicolae_shop_advertising_works [nicolae_subvault_shop_adworks],
          nicolae_shop_behind_doors, shop

Skill      XL: |  1  2  3  4  5  6  7  8  9 10 11 12 13 14 |
---------------+-------------------------------------------+-----
Maces & Flails | 2 3 4 5 6 7 9 10 | 10.4
Armour         | 3 4 5 6 8 9 11 | 11.6
Shields        | 3 5 7 9 11 13 14 | 14.5
Spellcasting   | 3 6 7 |  7.5
Fighting       | 10 | 10.8
Dodging        | 5 |  5.0
Necromancy     | 7 |  7.4
Poison Magic   | 4 |  4.0

Action                   |  1- 3 |  4- 6 |  7- 9 | 10-12 | 13-15 || total
-------------------------+-------+-------+-------+-------+-------++-------
Melee: Flail             |    24 |       |       |       |       ||    24
       Whip              |    64 |   116 |       |       |       ||   180
       Mace              |       |    90 |   397 |  1179 |  1848 ||  3514
       Long sword        |       |       |       |       |    17 ||    17
Throw: Throwing net      |       |       |       |     1 |     5 ||     6
       Javelin           |       |       |       |       |     2 ||     2
Invok: Call Merchant     |       |       |       |     1 |     2 ||     3
Evoke: Wand              |       |       |       |    20 |    18 ||    38
       Box of beasts     |       |       |       |       |     1 ||     1
  Use: Scroll            |     1 |     8 |     1 |    14 |    16 ||    40
       Potion            |       |     4 |     7 |     9 |    10 ||    30
 Stab: Invisible         |       |     1 |       |       |       ||     1
       Distracted        |       |       |       |     6 |     9 ||    15
       Held in net/web   |       |       |       |       |     2 ||     2
Armor: Scale mail        |    19 |       |       |       |       ||    19
       Chain mail        |    14 |    82 |   150 |    77 |       ||   323
       Plate armour      |       |       |       |   347 |   792 ||  1139
Dodge: Dodged            |    28 |    50 |    94 |   252 |   371 ||   795
Block: Buckler           |    14 |    45 |    99 |   376 |   545 ||  1079
